 Dungeon Crawl Stone Soup version 0.26-a0-818-g75db068ed4 (webtiles) character file.

Game seed: 12069777372994532475

2565 reriks the Thrower (level 9, -1/93 HPs)
             Began as an Ogre Hunter on Nov 14, 2020.
             Slain by an ice beast (10 damage)
             ... on level 7 of the Dungeon.
             The game lasted 00:13:56 (13941 turns).

reriks the Thrower (Ogre Hunter)                   Turns: 13941, Time: 00:13:56

Health: -1/93      AC:  2    Str: 21    XL:     9   Next: 57%
Magic:  9/9        EV:  8    Int: 12    God:
Gold:   556        SH: 14    Dex:  9    Spells: 8/8 levels left

rFire    . . .     SeeInvis +   l - +1 whip (venom)
rCold    . . .     Faith    .   f - +0 tower shield {reflect}
rNeg     . . .     Spirit   .   b - +0 robe
rPois    .         Reflect  +   (helmet restricted)
rElec    .         Harm     .   (no cloak)
rCorr    +         Rampage  .   (gloves unavailable)
MR       +....                  (boots unavailable)
Stlth    +.........             (no amulet)
HPRegen  0.25/turn              x - ring of protection from magic
MPRegen  0.11/turn              k - ring of resist corrosion

@: no status effects
A: large, unfitting armour, talons 1, see invisible, deformed body, tough skin 1
a: no special abilities


You were on level 7 of the Dungeon.
You visited 1 branch of the dungeon, and saw 8 of its levels.

You collected 556 gold pieces.

Inventory:

Hand Weapons
 a - a +0 short sword
 l - a +1 whip of venom (weapon)
 u - a cursed -3 mace
Missiles
 c - 4 large rocks
 d - 2 throwing nets
 p - 223 stones (quivered)
 B - 3 javelins
Armour
 b - a +0 robe (worn)
 f - a +0 tower shield of reflection (worn)
Jewellery
 k - a ring of resist corrosion (right hand)
 t - an uncursed ring of flight
 x - a ring of protection from magic (left hand)
 C - an uncursed ring of protection from magic
 E - an uncursed amulet of magic regeneration {unknown}
Wands
 y - a wand of iceblast (12)
 D - a wand of disintegration (16)
Scrolls
 e - 3 scrolls of remove curse
 g - a scroll of identify
 h - 2 scrolls of enchant weapon
 q - a scroll of magic mapping
 r - a scroll of teleportation
 w - a scroll of torment {unknown}
Potions
 i - 3 potions of curing
 j - a potion of haste
 m - 3 potions of flight
 n - a potion of berserk rage {unknown}
 o - a potion of degeneration
 s - a potion of attraction
 v - a potion of cancellation
 z - 2 potions of brilliance {unknown}
 A - a potion of magic {unknown}


   Skills:
 + Level 7.2 Fighting
 * Level 8.4 Throwing
 + Level 4.0 Armour
 + Level 5.1 Dodging
 - Level 0.6 Stealth
 + Level 4.4 Shields


You had 8 spell levels left.
You didn't know any spells.
Your spell library contained the following spells:

 Spells                   Type           Power        Failure   Level
 Animate Skeleton         Necr           #.....       97%         1
 Pain                     Necr           #...         97%         1
 Vampiric Draining        Necr           #.........   100%        3
 Animate Dead             Necr           #.........   100%        4
 Agony                    Necr           #.......     100%        5


Dungeon Overview and Level Annotations

Branches:
Dungeon (8/15)             Temple (0/1) D:5            Lair (0/6) D:8

Altars:
Nemelex Xobeh
Qazlal
Ru
The Shining One

Shops:
D:6 *   D:8 !


Innate Abilities, Weirdness & Mutations

You are too large for most types of armour.
You have tough skin. (AC +1)
You have sharp toenails.
You have supernaturally acute eyesight. (SInv)
Armour fits poorly on your strangely shaped body.


Message History

Found a club.
The wyvern barely misses you. The wyvern bites you!
* * * LOW HITPOINT WARNING * * *
You block the wyvern's attack. The wyvern bites you!
* * * LOW HITPOINT WARNING * * *
As you read the scroll of teleportation, it crumbles to dust.
You feel strangely unstable. You block the wyvern's attack.
The wyvern closely misses you.
Your surroundings suddenly seem different.
Something bites the plant.
The plant begins to die.
An iguana comes into view.
Found a staircase to the Lair.
A nearby plant withers and dies.
There is a stone staircase leading up here.
You see here a stone.
You climb upwards.
The ice beast hits you.
* * * LOW HITPOINT WARNING * * *
The ice beast freezes you!
You die...

######## #..##.# .......#
##.##.# .......# #..#.#
.......# ##.#.# .......#
#.#.# .......# #...#
.......# ##..# ...[...#
######..########## .......#
#.....Y@.........# #......#
#......#########.# .......#
#......# #.# #......#
#......# #.# ###.####
#......# #.# ###.# #......#
#.#
..#.######......#########.#
#.#....รท.'.....)'.........#
#.#..#####......###########


You could see an ice beast.

Vanquished Creatures
  Prince Ribbit (D:5)
  Edmund (D:4)
  2 water moccasins
  An orc warrior (D:6)
  An ice beast (D:5)
  2 sky beasts
  3 phantoms
  3 ogres (D:4)
  2 centaurs
  Blork the orc (D:5)
  A water moccasin skeleton (D:4)
  2 howler monkeys
  A bullfrog zombie (D:6)
  4 hounds
  A jelly (D:8)
  4 orc wizards
  2 orc priests
  A bullfrog skeleton (D:4)
  3 iguanas
  4 worker ants
  3 hound skeletons
  5 adders
  2 white imps
  2 ufetubi (D:7)
  5 oozes (D:1)
  An adder zombie (D:6)
  3 adder skeletons
  2 worms (D:2)
  3 dart slugs
  5 leopard geckos
  15 orcs
  9 giant cockroaches
  4 goblins
  4 hobgoblins
  15 jackals
  2 kobolds
  A quokka (D:7)
  A ball python (D:2)
  6 bats
  4 frilled lizards
  A quokka zombie (D:6)
  8 rats
141 creatures vanquished.

Vanquished Creatures (others)
  2 fungi (D:8)
  7 plants (D:8)
9 creatures vanquished.

Grand Total: 150 creatures vanquished

Notes
Turn   | Place    | Note
-------+----------+-------------------------------------------
     0 | D:1      | reriks the Ogre Hunter began the quest for the Orb.
     0 | D:1      | Reached XP level 1. HP: 22/22 MP: 1/1
     1 | D:1      | Found a runed translucent door.
   139 | D:1      | Reached XP level 2. HP: 29/29 MP: 2/2
   669 | D:1      | Reached XP level 3. HP: 23/37 MP: 3/3
  1189 | D:1      | Reached XP level 4. HP: 14/45 MP: 4/4
  1860 | D:2      | Reached skill level 1 in Shields
  1924 | D:2      | Reached skill level 1 in Armour
  2021 | D:2      | Found a sacrificial altar of Ru.
  2297 | D:3      | Found a stormy altar of Qazlal.
  2354 | D:3      | Found a sparkling altar of Nemelex Xobeh.
  2929 | D:3      | Reached XP level 5. HP: 49/54 MP: 5/5
  3229 | D:4      | Noticed an ogre
  3373 | D:4      | Reached skill level 5 in Throwing
  4160 | D:4      | Killed an ogre
  4161 | D:4      | Reached XP level 6. HP: 9/62 MP: 6/6
  4567 | D:4      | Reached XP level 7. HP: 64/71 MP: 7/7
  5032 | D:4      | Reached skill level 6 in Throwing
  5434 | D:5      | Entered Level 5 of the Dungeon
  5434 | D:5      | Found a staircase to the Ecumenical Temple.
  5434 | D:5      | Noticed Edmund
  5509 | D:4      | Killed Edmund
  5510 | D:4      | Reached skill level 5 in Fighting
  6325 | D:5      | Reached XP level 8. HP: 38/81 MP: 8/8
  6714 | D:5      | Noticed Blork the orc
  6731 | D:5      | Killed Blork the orc
  7353 | D:5      | Noticed Prince Ribbit
  7738 | D:5      | Reached skill level 7 in Throwing
  9545 | D:5      | Gained mutation: Armour fits poorly on your strangely
                  | shaped body. [potion of mutation]
  9545 | D:5      | Gained mutation: You have sharp toenails. [potion of
                  | mutation]
  9545 | D:5      | Gained mutation: You have supernaturally acute eyesight.
                  | (SInv) [potion of mutation]
  9770 | D:5      | Killed Prince Ribbit
 10209 | D:6      | Found Zuraistri's Lightly-Used Armoury.
 10508 | D:6      | Reached XP level 9. HP: 38/92 MP: 9/9
 11338 | D:6      | Found a glowing golden altar of the Shining One.
 11414 | D:6      | Reached skill level 8 in Throwing
 13248 | D:7      | Reached skill level 5 in Dodging
 13763 | D:8      | Found Falos's Distillery.
 13937 | D:8      | Found a staircase to the Lair.
 13941 | D:7      | Slain by an ice beast

Illustrated notes

Levels and vault maps discovered:
D:1:      dpeg_arrival_caged_fury, layout_loops_ring
D:2:      layout_basic, kennysheep_doodads, nicolae_ru_sacrificial_ziggurat
D:3:      kb_forest_paths, layout_loops_ring, nemelex_xobeh_ov_fountains_minmay,
          nicolae_qazlal_general_emergency, serial_co_window_serial,
          co_window_corner_a, co_window_corner_a, co_window_paths_a,
          co_window_corner_a, co_window_paths_a, co_window_corner_a,
          co_window_corner_a, co_window_corner_a, co_window_corner_a,
          co_window_corner_b, glass_columns_a, glass_columns_a, glass_columns_a,
          glass_columns_a
D:4:      layout_basic, kennysheep_boxes
D:5:      cheibrodos_quashed, layout_loops_ring,
          minmay_temple_entry_statues_fountains, kennysheep_small_spiral,
          hangedman_abyss_or_decor_stabs, uniq_prince_ribbit1,
          uniq_blork_the_orc, uniq_edmund
D:6:      layout_loops_ring, lemuel_coloured_pillars_altar, minmay_shop_damaged
D:7:      layout_basic, chequers_jeans
D:8:      layout_rooms, minmay_lair_entry_grove, serial_shops, shop

Skill      XL: |  1  2  3  4  5  6  7  8  9 |
---------------+----------------------------+-----
Fighting       | 3 4 5 6 7 |  7.2
Dodging        | 2 3 4 5 |  5.1
Shields        | 1 2 3 4 |  4.4
Armour         | 1 2 3 4 |  4.0
Throwing       | 5 6 7 8 |  8.4
Stealth        | |  0.6

Action                   |  1- 3 |  4- 6 |  7- 9 || total
-------------------------+-------+-------+-------++-------
Melee: Short sword       |   175 |    75 |       ||   250
       Whip              |       |   117 |   469 ||   586
       Kick              |       |       |    55 ||    55
Throw: Large rock        |       |       |    10 ||    10
       Stone             |       |       |    47 ||    47
  Use: Scroll            |       |       |    14 ||    14
       Potion            |       |       |     2 ||     2
 Stab: Sleeping          |     1 |       |     2 ||     3
Armor: Robe              |    56 |    39 |    46 ||   141
Dodge: Dodged            |    39 |    39 |   109 ||   187
Block: Tower shield      |   108 |   130 |   323 ||   561
       Reflection        |       |     2 |     6 ||     8

Table legend: (Time is in decaauts)
 A = Elapsed time spent in this place.
 B = Non-inter-level travel time spent in this place.
 C = Inter-level travel time spent in this place.
 D = Time resting spent in this place.
 E = Time spent auto-exploring this place.
 F = Levels seen in this place.
 G = Mean time per level.
                   A        B        C        D        E       F      G
               +--------+--------+--------+--------+--------+-----+--------+
         Total |  14154 |  13716 |    438 |   6797 |   4649 |   8 | 1769.2 |
       Dungeon |  14154 |  13716 |    438 |   6797 |   4649 |   8 | 1769.2 |
               +--------+--------+--------+--------+--------+-----+--------+

Top non-repeatable levels by time:
     D:4: 4075 daAuts
     D:5: 2935 daAuts
     D:6: 1871 daAuts
     D:3: 1429 daAuts
     D:1: 1399 daAuts
     D:7: 1192 daAuts
     D:2: 936 daAuts
     D:8: 314 daAuts
